 Dungeon Crawl Stone Soup version 0.31-a0-881-ge136f0c47a (webtiles) character file.

Game seed: 14321699956173282059

1706 Ekaitz the Gusty (level 8, 0/42 HPs)
             Began as a Deep Elf Air Elementalist on Oct 16, 2023.
             Was a Believer of Vehumet.
             Slain by a wyvern (4 damage)
             ... on level 7 of the Dungeon.
             The game lasted 00:13:36 (6538 turns).

Ekaitz the Gusty (Deep Elf Air Elementalist)        Turns: 6538, Time: 00:13:36

Health: 0/42       AC:  6    Str:  5    XL:     8   Next: 73%
Magic:  18/29      EV: 20    Int: 21    God:    Vehumet [**....]
Gold:   185        SH:  0    Dex: 17    Spells: 10/21 levels left

rFire   . . .        g - +1 dagger (venom)
rCold   . . .        (no shield)
rNeg    + . .        G - +2 robe {rN+}
rPois   .            q - +0 helmet
rElec   .            r - +0 cloak
rCorr   .            (no gloves)
SInv    .            (no boots)
Will    .....        (no amulet)
Stlth   +++          c - ring of magical power
HPRegen 0.27/turn    N - +5 ring of evasion
MPRegen 0.21/turn

%: no passive effects
@: no status effects
A: no striking features
a: Renounce Religion


You were on level 7 of the Dungeon.
You worshipped Vehumet.
Vehumet was pleased with you.
You visited 2 branches of the dungeon, and saw 8 of its levels.

You collected 405 gold pieces.
You spent 220 gold pieces at shops.

Inventory:

Hand Weapons
 g - a +1 dagger of venom (weapon)
 n - the +11 hammer of Conscience {holy, Str-3 Dex-2 SInv Stlth+}
   (You found it on level 2 of the Dungeon)

   Str-3:     It affects your strength (-3).
   Dex-2:     It affects your dexterity (-2).
   SInv:      It lets you see invisible.
   Stlth+:    It makes you more stealthy.
 o - the +0 hammer "Ivubb" {antimagic, rF+ Dex+2 Stlth+}
   (You found it on level 2 of the Dungeon)

   Dex+2:     It affects your dexterity (+2).
   rF+:       It protects you from fire.
   Stlth+:    It makes you more stealthy.
 A - the +5 trident of Iplecar {drain, rC+}
   (You found it on level 4 of the Dungeon)

   rC+:       It protects you from cold.
Missiles
 u - 6 curare-tipped darts
 y - 6 javelins
 D - a throwing net
 I - 8 poisoned darts
Armour
 q - a +0 helmet (worn)
 r - a +0 cloak (worn)
 G - a +2 robe of positive energy (worn)
Jewellery
 a - a ring of flight
 c - a ring of magical power (left hand)
 i - a ring of resist corrosion
 N - a +5 ring of evasion (right hand)
Wands
 x - a wand of charming (10)
 C - a wand of acid (10)
 K - a wand of polymorph (10)
Scrolls
 e - 4 scrolls of teleportation {unknown}
 f - 2 scrolls of poison {unknown}
 h - 4 scrolls of enchant weapon {unknown}
 l - 3 scrolls of identify {unknown}
 m - a scroll of enchant armour {unknown}
 p - a scroll of revelation {unknown}
 s - a scroll of amnesia {unknown}
 v - 3 scrolls of blinking {unknown}
 F - a scroll of vulnerability {unknown}
 H - a scroll of torment {unknown}
 J - 2 scrolls of silence {unknown}
 L - a scroll of immolation {unknown}
Potions
 b - a potion of magic
 d - 2 potions of might {unknown}
 j - a potion of mutation {unknown}
 k - a potion of lignification {unknown}
 t - 7 potions of heal wounds {unknown}
 w - a potion of curing {unknown}
 z - 3 potions of degeneration {unknown}
 B - 2 potions of brilliance {unknown}
 E - a potion of ambrosia {unknown}
 M - 2 potions of attraction {unknown}
 O - 2 potions of resistance {unknown}
 P - a potion of enlightenment {unknown}


   Skills:
 + Level 0.7 Fighting
 + Level 1.1 Short Blades
 + Level 0.2 Polearms
 * Level 5.6 Dodging
 + Level 4.6 Stealth
 - Level 7.0 Spellcasting
 * Level 4.8 Conjurations
 * Level 3.0 Necromancy
 * Level 7.1 Air Magic


You had 10 spell levels left.
You knew the following spells:

 Your Spells              Type           Power      Damage    Failure   Level
a - Shock                 Conj/Air       100%       1d9       1%          1
b - Static Discharge      Conj/Air       64%        2-5/arc   1%          2
c - Swiftness             Air            37%        N/A       1%          3
d - Airstrike             Air            18%        2d(3-19)  4%          4
e - Kiss of Death         Conj/Necr      96%        2d12      1%          1

Your spell library contained the following spells:

 Spells                   Type           Power      Damage    Failure   Level
 Scorch                   Fire           14%        2d5       13%         2
 Summon Small Mammal      Summ           28%        N/A       9%          1
 Call Canine Familiar     Summ           7%         N/A       26%         3
 Summon Guardian Golem    Hex/Summ       7%         N/A       26%         3


Dungeon Overview and Level Annotations

Branches:
Dungeon (7/15)             Temple (1/1) D:4

Altars:
Ashenzari
Cheibriados
Dithmenos
Elyvilon
Hepliaklqana
Kikubaaqudgha
Makhleb
Okawaru
Qazlal
Ru
Uskayaw
Vehumet
Wu Jian
Xom
Yredelemnul
Zin
The Shining One

Shops:
D:4 :   D:5 [

Annotations:
D:7 Menkaure


Message History

The wyvern barely misses you. The wyvern misses you.
The zap hits the wyvern!
The wyvern is heavily wounded.
The zap hits Menkaure.
Menkaure is lightly damaged.
The wyvern closely misses you.
The zap hits the wyvern but does no damage.
The wyvern is heavily wounded.
The zap hits the water moccasin.
The water moccasin is moderately wounded.
The zap hits Menkaure.
Menkaure is moderately damaged.
The wyvern bites you!
The wyvern bites you but does no damage.
The zap hits the wyvern.
The wyvern is severely wounded.
The zap misses the water moccasin.
The zap hits Menkaure.
Menkaure is heavily damaged.
You hear the faint creaking of a distant portcullis.
Menkaure calls on the powers of darkness!
The water moccasin convulses!
The wyvern convulses!
Your body is wracked with pain!
The wyvern bites you.
* * * LOW HITPOINT WARNING * * *
Unknown command.
You are too injured to fight recklessly!
Unknown command.
Casting: Shock (safe; 1% risk of failure)
Confirm with . or Enter, or press ? or * to list all spells.
Aiming: Shock (safe; 1% risk of failure)
Press: ? - help, Shift-Dir - straight line, f/p - wyvern
Aim: a wyvern (severely wounded, 74% to hit)
The zap misses the wyvern.
The zap hits the water moccasin.
The water moccasin is severely wounded.
The zap hits Menkaure.
Menkaure is severely damaged.
The wyvern bites you.
* * * LOW HITPOINT WARNING * * *
Menkaure gestures wildly while chanting.
Menkaure seems to speed up.
The wyvern bites you.
You die...

### ### #.. ..# #.# #.# #.#
#.# #### #.#### #†# ...#
#....# #.#
...########....####.#######
...............'@lS...M...M
.......####....####.#######
.......+.......# #.#
.......#####...# #.#
...........+...+ #.#
############...# #S# #...#
#.# #...# #.#


You could see a water moccasin, a wyvern and Menkaure (fast).

Vanquished Creatures
  A water moccasin (D:6)
  An orc warrior (D:6)
  2 ice beasts
  A sky beast (D:6)
  A black bear (D:6)
  An ogre (D:6)
  A centaur (D:6)
  A bullfrog (D:6)
  3 scorpions
  A howler monkey (D:7)
  4 jellies
  Crazy Yiuf (D:2)
  3 hounds
  A sleepcap (D:6)
  Jessica (D:3)
  2 iguanas
  An orc wizard (D:6)
  Natasha (thrice) (D:3)
  Robin (D:2)
  4 gnolls (D:4)
  9 adders
  A shadow imp (D:6)
  A worm (D:2)
  A dart slug (D:1)
  20 orcs
  5 ball pythons
  A bat (D:1)
  10 endoplasms
  6 giant cockroaches
  11 goblins
  6 hobgoblins
  8 jackals (D:2)
  4 kobolds (D:4)
  3 quokkas
  4 frilled lizards
  4 rats (D:3)
128 creatures vanquished.

Notes
Turn   | Place    | Note
-------+----------+-------------------------------------------
     0 | D:1      | Ekaitz the Deep Elf Air Elementalist began the quest for
                  | the Orb.
     0 | D:1      | Reached XP level 1. HP: 10/10 MP: 6/6
   222 | D:1      | Reached XP level 2. HP: 15/15 MP: 4/8
   227 | D:1      | Learned a level 2 spell: Static Discharge
  1079 | D:2      | Reached XP level 3. HP: 16/19 MP: 0/9
  1091 | D:2      | Found a faded altar of an unknown god.
  1313 | D:2      | Reached XP level 4. HP: 18/24 MP: 11/11
  1509 | D:2      | Found a runed translucent door.
  1509 | D:2      | Identified the +11 hammer of Conscience {holy, Str-3 Dex-2
                  | SInv Stlth+}
  1510 | D:2      | Identified the +0 hammer "Ivubb" {antimagic, rF+ Dex+2
                  | Stlth+}
  1510 | D:2      | Noticed Crazy Yiuf
  1523 | D:2      | Learned a level 3 spell: Swiftness
  1528 | D:2      | Learned a level 4 spell: Airstrike
  1669 | D:2      | Noticed Robin
  1672 | D:2      | Killed Robin
  2125 | D:3      | Noticed Jessica
  2129 | D:3      | Killed Jessica
  2130 | D:3      | Reached XP level 5. HP: 25/28 MP: 13/13
  2301 | D:3      | Noticed Natasha
  2304 | D:3      | Killed Natasha
  2893 | D:4      | Found Fierher's Tremendous Tomes.
  3057 | D:4      | Found a staircase to the Ecumenical Temple.
  3081 | Temple   | Entered the Ecumenical Temple
  3089 | Temple   | Became a worshipper of Vehumet
  3290 | D:4      | Identified the +5 trident of Iplecar {drain, rC+}
  3410 | D:4      | Reached XP level 6. HP: 32/32 MP: 9/14
  3505 | D:4      | Reached skill level 5 in Spellcasting
  3657 | D:4      | Reached * piety under Vehumet
  3657 | D:4      | Offered knowledge of Kiss of Death by Vehumet.
  3667 | D:4      | Learned a level 1 spell: Kiss of Death
  3903 | D:5      | Entered Level 5 of the Dungeon
  4223 | D:5      | Reached skill level 5 in Air Magic
  4362 | D:5      | Reached XP level 7. HP: 10/36 MP: 17/17
  4567 | D:5      | Found Qoteuf's Armour Shop.
  4577 | D:5      | Bought a +2 robe of positive energy for 220 gold pieces
  4953 | D:6      | Reached skill level 1 in Necromancy
  5129 | D:3      | Noticed Natasha
  5136 | D:3      | Killed Natasha
  5300 | D:2      | Killed Crazy Yiuf
  5301 | D:2      | Reached skill level 1 in Short Blades
  5552 | D:3      | Noticed Natasha
  5554 | D:3      | Killed Natasha
  5776 | D:6      | Reached skill level 5 in Dodging
  5914 | D:6      | Reached XP level 8. HP: 29/42 MP: 19/19
  6110 | D:6      | Offered knowledge of Scorch by Vehumet.
  6119 | D:6      | Reached ** piety under Vehumet
  6473 | D:6      | Found a shimmering altar of Xom.
  6473 | D:6      | Found a shadowy altar of Dithmenos.
  6475 | D:6      | Found a burning altar of Makhleb.
  6530 | D:7      | Noticed Menkaure
  6538 | D:7      | Slain by a wyvern

Illustrated notes

Levels and vault maps discovered:
D:1:      lightli_arrival_isolated_outpost, layout_loops_ring
D:2:      layout_basic, nicolae_ecumenical_snake_handling, uniq_robin,
          uniq_crazy_yiuf_cottage
D:3:      layout_loops_corners, minmay_box_of_dots, uniq_natasha, uniq_jessica
D:4:      layout_basic, temple_pool_b, nicolae_shop_i_like_big_books
D:5:      layout_basic, serial_shops, nicolae_shop_scrapyard
D:6:      layout_basic, nicolae_overflow_hidden_temple, serial_corexii_hall,
          corexii_hall_statues_l, corexii_hall_statues_l, minivault_1
D:7:      layout_basic, enter_bailey_8, uniq_menkaure, uniq_jeremiah
Temple:   nicolae_temple_two_arcs

Skill      XL: |  1  2  3  4  5  6  7  8 |
---------------+-------------------------+-----
Conjurations   | 2 3 4 |  4.8
Air Magic      | 4 5 6 7 |  7.1
Spellcasting   | 4 5 6 7 |  7.0
Dodging        | 3 4 5 |  5.6
Necromancy     | 2 3 |  3.0
Short Blades   | 1 |  1.1
Stealth        | 3 4 |  4.6
Fighting       | |  0.7
Polearms       | |  0.2

Action                     |  1- 3 |  4- 6 |  7- 9 || total
---------------------------+-------+-------+-------++-------
  Melee: Dagger            |     4 |    20 |    33 ||    57
         Trident           |       |     4 |       ||     4
   Cast: Shock             |    53 |   100 |    48 ||   201
         Static Discharge  |     1 |     8 |    11 ||    20
         Airstrike         |       |     7 |    11 ||    18
         Swiftness         |       |       |     1 ||     1
   Stab: Sleeping          |     1 |     5 |     6 ||    12
 Armour: Robe              |    12 |    20 |    36 ||    68
         Skin              |       |       |     3 ||     3
  Dodge: Dodged            |    20 |    28 |    41 ||    89

Table legend: (Time is in decaauts)
 A = Elapsed time spent in this place.
 B = Non-inter-level travel time spent in this place.
 C = Inter-level travel time spent in this place.
 D = Time resting spent in this place.
 E = Time spent auto-exploring this place.
 F = Levels seen in this place.
 G = Mean time per level.
                   A        B        C        D        E       F      G
               +--------+--------+--------+--------+--------+-----+--------+
         Total |   6546 |   5955 |    591 |    228 |   4883 |   8 |  818.2 |
       Dungeon |   6530 |   5947 |    583 |    228 |   4883 |   7 |  932.9 |
        Temple |     16 |      8 |      8 |      0 |      0 |   1 |   16.0 |
               +--------+--------+--------+--------+--------+-----+--------+

Top non-repeatable levels by time:
     D:2: 1304 daAuts
     D:3: 1198 daAuts
     D:5: 1110 daAuts
     D:4: 1053 daAuts
     D:6: 955 daAuts
     D:1: 856 daAuts
     D:7: 50 daAuts
  Temple: 16 daAuts
